APP
BURLINGTON ROYALS @ OREM OWLZ
09/17/2044
 
TOP OF THE 1ST
Burlington Royals batting - Pitching for Orem Owlz : RHP Luis Cabrera
Pitching: RHP Luis Cabrera
Batting: LHB Ernesto Abreu 0-0: Called Strike
0-1: Swinging Strike
0-2: Ball
1-2: Ball
2-2: Ball
3-2: Strikes out swinging
Batting: RHB Tim Persson 0-0: Ball
1-0: Foul Ball, location: 2F
1-1: Fly out, F4 (Popup, 34, EV 71.9 MPH)
Batting: SHB Manny Berrones 0-0: Foul Ball, location: 2F
0-1: Foul Ball, location: 2F
0-2: Ball
1-2: Ball
2-2: Strikes out swinging
Top of the 1st over - 0 runs, 0 hits, 0 errors, 0 left on base; Burlington 0 - Orem 0
BOTTOM OF THE 1ST
Orem Owlz batting - Pitching for Burlington Royals : RHP Matthew Orphan
Pitching: RHP Matthew Orphan
Batting: SHB Butch Brown 0-0: Ball
1-0: SINGLE (Groundball, 6, EV 106.2 MPH)
Batting: RHB Jose Ramirez 0-0: Ball
1-0: Ball
2-0: Called Strike
2-1: Ball
3-1: Called Strike
3-2: Base on Balls
Butch Brown to second
Batting: LHB Brett Bugge 0-0: Ball
1-0: Ball
2-0: Called Strike
2-1: Ball
3-1: SINGLE (Groundball, 6MD, EV 98.8 MPH)
Butch Brown to third
Jose Ramirez to second
Runner from 3rd tries for Home, throw by CF and OUT! 8-2
Batting: RHB Ryan Pelletier 0-0: Ball
1-0: DOUBLE (Groundball, 5L, EV 106.9 MPH)
Jose Ramirez scores
Brett Bugge to third
Batting: LHB Nick Isaac 0-0: Ball
1-0: Called Strike
1-1: Ball
2-1: Called Strike
2-2: Strikes out swinging
Batting: RHB Pat Crawley 0-0: Ball
1-0: Ball
2-0: Ball
Passed Ball!
Brett Bugge scores
Ryan Pelletier to third
3-0: Called Strike
3-1: Base on Balls
Batting: RHB Malachi Ephron 0-0: Ball
1-0: Called Strike
1-1: Ball
2-1: Swinging Strike
2-2: Ball
3-2: Foul Ball, location: 2F
3-2: 3-RUN HOME RUN (Flyball, 89XD, EV 100.0 MPH), Distance : 417 ft
Batting: RHB J.R. Roberts 0-0: Called Strike
0-1: Ball
1-1: Foul Ball, location: 2F
1-2: Strikes out swinging
Bottom of the 1st over - 5 runs, 4 hits, 0 errors, 0 left on base; Burlington 0 - Orem 5
TOP OF THE 2ND
Burlington Royals batting - Pitching for Orem Owlz : RHP Luis Cabrera
Batting: SHB Danny Ballenger 0-0: Ball
1-0: Ball
2-0: Ball
3-0: Called Strike
3-1: Foul Ball, location: 2F
3-2: Strikes out swinging
Batting: LHB Bobby Gonzalez 0-0: Swinging Strike
0-1: Ball
1-1: Swinging Strike
1-2: Ball
2-2: Ball
3-2: Foul Ball, location: 2F
3-2: Foul Ball, location: 2F
3-2: Foul Ball, location: 2F
3-2: Strikes out swinging
Batting: SHB Marcos Cortez 0-0: Called Strike
0-1: Ball
1-1: Ball
2-1: Foul Ball, location: 2F
2-2: Ball
3-2: Ground out 4-3 (Groundball, 4, EV 98.8 MPH)
Top of the 2nd over - 0 runs, 0 hits, 0 errors, 0 left on base; Burlington 0 - Orem 5
BOTTOM OF THE 2ND
Orem Owlz batting - Pitching for Burlington Royals : RHP Matthew Orphan
Batting: RHB Javier Castaneda 0-0: Ball
1-0: Called Strike
1-1: Ball
2-1: Swinging Strike
2-2: Strikes out looking
Batting: SHB Butch Brown 0-0: Called Strike
0-1: Foul Ball, location: 2F
0-2: Foul Ball, location: 2F
0-2: Ball
1-2: Ground out 5-3 (Groundball, 56, EV 87.5 MPH)
Batting: RHB Jose Ramirez 0-0: Ball
1-0: Foul Ball, location: 2F
1-1: Fly out, F9 (Flyball, 9, EV 97.5 MPH)
Bottom of the 2nd over - 0 runs, 0 hits, 0 errors, 0 left on base; Burlington 0 - Orem 5
TOP OF THE 3RD
Burlington Royals batting - Pitching for Orem Owlz : RHP Luis Cabrera
Batting: RHB Rob Ward 0-0: Ball
1-0: Swinging Strike
1-1: Foul Ball, location: 2F
1-2: Strikes out swinging
Batting: RHB Shane Bruce 0-0: Ball
1-0: Foul Ball, location: 2F
1-1: Foul Ball, location: 2F
1-2: Foul Ball, location: 2F
1-2: Strikes out swinging
Batting: RHB Steve Ryals 0-0: Called Strike
0-1: Ball
1-1: Ball
2-1: Foul Ball, location: 2F
2-2: Strikes out swinging
Top of the 3rd over - 0 runs, 0 hits, 0 errors, 0 left on base; Burlington 0 - Orem 5
BOTTOM OF THE 3RD
Orem Owlz batting - Pitching for Burlington Royals : RHP Matthew Orphan
Batting: LHB Brett Bugge 0-0: Ball
1-0: Fly out, F9 (Line Drive, 9, EV 94.4 MPH)
Batting: RHB Ryan Pelletier 0-0: Ball
1-0: Foul Ball, location: 2F
1-1: Ball
2-1: Ball
3-1: Swinging Strike
3-2: Base on Balls
Pitching: RHP Ted Splawn
Batting: LHB Nick Isaac 0-0: Ball
1-0: Ball
Ryan Pelletier steals 2nd base
2-0: Swinging Strike
2-1: Foul Ball, location: 2F
2-2: Foul Ball, location: 2F
2-2: Strikes out swinging
Batting: RHB Pat Crawley 0-0: Ball
1-0: Fly out, F4 (Popup, 34S, EV 82.5 MPH)
Bottom of the 3rd over - 0 runs, 0 hits, 0 errors, 1 left on base; Burlington 0 - Orem 5
TOP OF THE 4TH
Burlington Royals batting - Pitching for Orem Owlz : RHP Luis Cabrera
Batting: LHB Ernesto Abreu 0-0: Called Strike
0-1: Swinging Strike
0-2: Foul Ball, location: 2F
0-2: Ball
1-2: Strikes out swinging
Batting: RHB Tim Persson 0-0: Fly out, F9 (Flyball, 9D, EV 89.4 MPH)
Batting: SHB Manny Berrones 0-0: Foul Ball, location: 2F
0-1: Swinging Strike
0-2: Foul Ball, location: 2F
0-2: Ball
1-2: Ground out 4-3 (Groundball, 4S, EV 93.1 MPH)
Top of the 4th over - 0 runs, 0 hits, 0 errors, 0 left on base; Burlington 0 - Orem 5
BOTTOM OF THE 4TH
Orem Owlz batting - Pitching for Burlington Royals : RHP Ted Splawn
Batting: RHB Malachi Ephron 0-0: Called Strike
0-1: Ball
1-1: Called Strike
1-2: Strikes out swinging
Batting: RHB J.R. Roberts 0-0: Ball
1-0: Ball
2-0: Called Strike
2-1: Called Strike
2-2: Foul Ball, location: 2F
2-2: Ball
3-2: Foul Ball, location: 2F
3-2: Base on Balls
Batting: RHB Javier Castaneda 0-0: Called Strike
0-1: Foul Ball, location: 2F
0-2: Foul Ball, location: 2F
0-2: Ball
1-2: Fly out, F8 (Flyball, 8LM, EV 90.6 MPH)
Batting: SHB Butch Brown 0-0: Ball
1-0: Ball
2-0: DOUBLE (Line Drive, 5D, EV 97.5 MPH)
J.R. Roberts to third
Runner from 3rd tries for Home, SAFE, no throw by LF
Batting: RHB Jose Ramirez 0-0: Ball
1-0: Foul Ball, location: 2F
1-1: Ball
2-1: Called Strike
2-2: Foul Ball, location: 2F
2-2: Strikes out swinging
Bottom of the 4th over - 1 run, 1 hit, 0 errors, 1 left on base; Burlington 0 - Orem 6
TOP OF THE 5TH
Burlington Royals batting - Pitching for Orem Owlz : RHP Luis Cabrera
Batting: SHB Danny Ballenger 0-0: Foul Ball, location: 2F
0-1: Called Strike
0-2: Ball
1-2: Ground out 5-3 (Groundball, 5, EV 84.4 MPH)
Batting: LHB Bobby Gonzalez 0-0: Called Strike
0-1: Ball
1-1: Swinging Strike
1-2: Ball
2-2: Strikes out swinging
Batting: SHB Marcos Cortez 0-0: Ball
1-0: Ball
2-0: Swinging Strike
2-1: Swinging Strike
2-2: Strikes out looking
Top of the 5th over - 0 runs, 0 hits, 0 errors, 0 left on base; Burlington 0 - Orem 6
BOTTOM OF THE 5TH
Orem Owlz batting - Pitching for Burlington Royals : RHP Ted Splawn
Batting: LHB Brett Bugge 0-0: Ball
1-0: Ground out 5-3 (Groundball, 56, EV 89.4 MPH)
Batting: RHB Ryan Pelletier 0-0: Ground out 6-3 (Groundball, 6, EV 106.9 MPH)
Batting: LHB Nick Isaac 0-0: Called Strike
0-1: Ball
1-1: Ball
2-1: SINGLE (Line Drive, 9S, EV 103.1 MPH)
Batting: RHB Pat Crawley 0-0: Ball
1-0: Called Strike
1-1: Fly out, F8 (Line Drive, 8RD, EV 93.1 MPH)
Bottom of the 5th over - 0 runs, 1 hit, 0 errors, 1 left on base; Burlington 0 - Orem 6
TOP OF THE 6TH
Burlington Royals batting - Pitching for Orem Owlz : RHP Luis Cabrera
Pitching: RHP Tim Anderson
Batting: RHB Rob Ward 0-0: Called Strike
0-1: Ball
1-1: Foul Ball, location: 2F
1-2: Strikes out swinging
Batting: RHB Shane Bruce 0-0: Called Strike
0-1: Foul Ball, location: 2F
0-2: Reached on error, E5 (Groundball, 56, EV 76.2 MPH)
Batting: RHB Steve Ryals 0-0: Called Strike
0-1: Ball
1-1: Ball
2-1: Ball
3-1: Called Strike
3-2: Strikes out looking
Batting: LHB Ernesto Abreu 0-0: Ball
1-0: Ball
2-0: Ground out 1-3 (Groundball, 13S, EV 69.4 MPH)
Top of the 6th over - 0 runs, 0 hits, 1 error, 1 left on base; Burlington 0 - Orem 6
BOTTOM OF THE 6TH
Orem Owlz batting - Pitching for Burlington Royals : RHP Ted Splawn
Batting: RHB Malachi Ephron 0-0: Called Strike
0-1: Ball
1-1: Foul Ball, location: 2F
1-2: Strikes out swinging
Pitching: LHP Jake Warwick
Batting: RHB J.R. Roberts 0-0: Ball
1-0: Ball
2-0: SINGLE (Line Drive, 78S, EV 105.0 MPH)
Batting: RHB Javier Castaneda 0-0: Foul Ball, location: 2F
0-1: Swinging Strike
0-2: Ball
1-2: SINGLE (Groundball, 5D, EV 103.8 MPH)
J.R. Roberts to second
Batting: SHB Butch Brown 0-0: Ball
1-0: Ball
2-0: Foul Ball, location: 2F
2-1: Fielders Choice at 2nd, 5-4 (Groundball, 56, EV 92.5 MPH)
J.R. Roberts to third
Batting: RHB Jose Ramirez 0-0: Called Strike
0-1: Ball
1-1: Foul Ball, location: 2F
1-2: Foul Ball, location: 2F
1-2: Strikes out looking
Bottom of the 6th over - 0 runs, 2 hits, 0 errors, 2 left on base; Burlington 0 - Orem 6
TOP OF THE 7TH
Burlington Royals batting - Pitching for Orem Owlz : RHP Tim Anderson
Batting: RHB Tim Persson 0-0: Ball
1-0: Ground out 2-3 (Groundball, 2L, EV 68.8 MPH)
Batting: SHB Manny Berrones 0-0: Called Strike
0-1: Ball
1-1: Ball
2-1: Foul Ball, location: 2F
2-2: Strikes out swinging, 2-3 out at first.
Batting: SHB Danny Ballenger 0-0: Swinging Strike
0-1: Ball
1-1: Ball
2-1: DOUBLE (Flyball, 8RXD, EV 94.4 MPH)
Batting: LHB Bobby Gonzalez 0-0: Ball
1-0: Ball
2-0: Ball
3-0: Called Strike
3-1: Base on Balls
Batting: SHB Marcos Cortez 0-0: Ball
1-0: Foul Ball, location: 2F
1-1: Ball
2-1: Foul Ball, location: 2F
2-2: Strikes out swinging
Top of the 7th over - 0 runs, 1 hit, 0 errors, 2 left on base; Burlington 0 - Orem 6
BOTTOM OF THE 7TH
Orem Owlz batting - Pitching for Burlington Royals : LHP Jake Warwick
Batting: LHB Brett Bugge 0-0: DOUBLE (Flyball, 9LD, EV 88.1 MPH)
Batting: RHB Ryan Pelletier 0-0: SINGLE (Groundball, 4MD, EV 96.9 MPH)
Brett Bugge to third
Batting: LHB Nick Isaac 0-0: Foul Ball, location: 2F
0-1: Called Strike
0-2: Ball
1-2: 3-RUN HOME RUN (Flyball, 9LD, EV 90.0 MPH), Distance : 338 ft
Batting: RHB Pat Crawley 0-0: Ball
1-0: Swinging Strike
1-1: Foul Ball, location: 2F
1-2: Ball
2-2: Foul Ball, location: 2F
2-2: Ball
3-2: Base on Balls
Batting: RHB Malachi Ephron 0-0: Ball
1-0: Called Strike
1-1: Foul Ball, location: 2F
1-2: Strikes out looking
Batting: RHB J.R. Roberts 0-0: Foul Ball, location: 2F
0-1: Ball
1-1: Called Strike
1-2: 2-RUN HOME RUN (Flyball, 9D, EV 96.2 MPH), Distance : 382 ft
Pitching: RHP Joe Adelmann
Batting: RHB Javier Castaneda 0-0: Ball
1-0: Called Strike
1-1: Ground out 1-3 (Groundball, 13S, EV 63.8 MPH)
Batting: SHB Butch Brown 0-0: Ball
1-0: Called Strike
1-1: Ball
2-1: Ball
3-1: Base on Balls
Batting: RHB Jose Ramirez 0-0: Ball
1-0: Ball
2-0: Ball
3-0: Foul Ball, location: 2F
3-1: Base on Balls
Butch Brown to second
Batting: LHB Brett Bugge 0-0: Called Strike
0-1: Fielders Choice at 2nd, 6-4 (Groundball, 6, EV 90.6 MPH)
Bottom of the 7th over - 5 runs, 4 hits, 0 errors, 2 left on base; Burlington 0 - Orem 11
TOP OF THE 8TH
Burlington Royals batting - Pitching for Orem Owlz : RHP Tim Anderson
Batting: RHB Rob Ward 0-0: Called Strike
0-1: Called Strike
0-2: Ball
1-2: Strikes out swinging
Batting: RHB Shane Bruce 0-0: Swinging Strike
0-1: Called Strike
0-2: Ball
1-2: Strikes out swinging
Batting: RHB Steve Ryals 0-0: Ball
1-0: Ball
2-0: Ground out 3-1 (Groundball, 34, EV 110.0 MPH)
Top of the 8th over - 0 runs, 0 hits, 0 errors, 0 left on base; Burlington 0 - Orem 11
BOTTOM OF THE 8TH
Orem Owlz batting - Pitching for Burlington Royals : RHP Joe Adelmann
Pinch Hitting: RHB Tristan Lewis 0-0: Ball
1-0: Ball
2-0: Foul Ball, location: 2F
2-1: Called Strike
2-2: Ball
3-2: Strikes out swinging
Batting: LHB Nick Isaac 0-0: Called Strike
0-1: Ball
1-1: Foul Ball, location: 2F
1-2: Foul Ball, location: 2F
1-2: Ball
2-2: Ball
3-2: Foul Ball, location: 2F
3-2: Foul Ball, location: 2F
3-2: Foul Ball, location: 2F
3-2: Base on Balls
Batting: RHB Pat Crawley 0-0: Reached on error, E1 (Groundball, 34S, EV 71.2 MPH)
Nick Isaac to second
Batting: RHB Malachi Ephron 0-0: Ball
1-0: Ball
2-0: Called Strike
2-1: Ball
3-1: Base on Balls
Nick Isaac to third
Pat Crawley to second
Pitching: RHP Neil Drain
Batting: RHB J.R. Roberts 0-0: Ball
1-0: Ball
2-0: Swinging Strike
2-1: SINGLE (Groundball, 4M, EV 103.8 MPH) (infield hit)
Nick Isaac scores
Pat Crawley to third
Malachi Ephron to second
Batting: RHB Javier Castaneda 0-0: Called Strike
0-1: Foul Ball, location: 2F
0-2: Foul Ball, location: 2F
0-2: Strikes out swinging
Batting: SHB Butch Brown 0-0: Called Strike
0-1: Fielders Choice at 2nd, 5-4 (Groundball, 5L, EV 82.5 MPH)
Bottom of the 8th over - 1 run, 1 hit, 1 error, 3 left on base; Burlington 0 - Orem 12
TOP OF THE 9TH
Burlington Royals batting - Pitching for Orem Owlz : RHP Tim Anderson
Pitching: RHP Danny Nava
Now at 2B: Tristan Lewis
Batting: LHB Ernesto Abreu 0-0: Called Strike
0-1: Ball
1-1: Ball
2-1: Foul Ball, location: 2F
2-2: Strikes out swinging
Batting: RHB Tim Persson 0-0: Called Strike
0-1: Foul Ball, location: 2F
0-2: Ball
1-2: Strikes out swinging
Batting: SHB Manny Berrones 0-0: Called Strike
0-1: Swinging Strike
0-2: Foul Ball, location: 2F
0-2: Ball
1-2: Ground out 4-3 (Groundball, 4, EV 90.6 MPH)
Top of the 9th over - 0 runs, 0 hits, 0 errors, 0 left on base; Burlington 0 - Orem 12
Thursday, March 31st , 2022 - OOTP Baseball 22.12 Build 89